 Dungeon Crawl Stone Soup version 0.30-a0-1075-gcd70e7a56d (webtiles) character file.

Game seed: 5007255250617914974

76 LobsterGuardian the Insei (level 4, -7/32 HPs)
             Began as a Djinni Transmuter on Apr 15, 2023.
             Mangled by a gnoll
             ... wielding a +0 flail
              (12 damage)
             ... on level 3 of the Dungeon.
             The game lasted 00:05:58 (2072 turns).

LobsterGuardian the Insei (Djinni Transmuter)       Turns: 2072, Time: 00:05:58

Health: -7/32      AC:  2    Str:  8 (9)  XL:     4   Next: 57%
Gold:   101        EV: 12    Int: 14 (16) God:
                   SH:  0    Dex: 12 (14)

rFire   + + .      SeeInvis +    d - +0 dagger
rCold   x . .      Faith    .    (no shield)
rNeg    . . .      Spirit   .    a - +0 robe
rPois   ∞          Reflect  .    (helmet currently unavailable)
rElec   .          Rampage  .    j - scarf {repulsion}
rCorr   .                        (no gloves)
Will    .....                    (boots unavailable)
Stlth   +                        (no amulet)
HPRegen 0.25/turn                o - ring of see invisible
MPRegen 0.00/turn                (no ring)

@: mighty, appendages (expiring), wereblooded, attractive, flying, very slightly
contaminated, repel missiles
A: horns 2, flying, sickness immunity, fire resistance 2, cold vulnerability 1,
float, innate caster, HP casting, extra vitality 1
a: End Transformation


You were on level 3 of the Dungeon.
You had temporarily grown beastly horns.
You visited 1 branch of the dungeon, and saw 3 of its levels.

You collected 101 gold pieces.

Inventory:

Hand Weapons
 d - a +0 dagger (weapon)
Armour
 a - a +0 robe (worn)
 j - a scarf of repulsion (worn)
Jewellery
 o - a ring of see invisible (left hand)
Scrolls
 i - 2 scrolls of immolation {unknown}
 k - a scroll of blinking {unknown}
 l - a scroll of enchant weapon {unknown}
 m - a scroll of identify {unknown}
 n - a scroll of enchant armour {unknown}
 p - a scroll of fear {unknown}
 q - a scroll of vulnerability {unknown}
Potions
 b - a potion of lignification
 e - a potion of magic
 h - 2 potions of attraction


   Skills:
 + Level 1.2 Fighting
 + Level 0.4 Short Blades
 + Level 2.8 Dodging
 + Level 0.5 Stealth
 - Level 3.1 Unarmed Combat
 * Level 2.7 Spellcasting


You knew the following spells:

 Your Spells              Type           Power      Damage    Failure   Level
a - Beastly Appendage     Tmut           18%        N/A       8%          1
b - Wereblood             Tmut           9%         N/A       11%         2
c - Spider Form           Tmut/Pois      9%         N/A       22%         3
d - Ice Form              Ice/Tmut       9%         N/A       58%         4
e - Shock                 Conj/Air       36%        1d5       8%          1
Your spell library was empty.

Dungeon Overview and Level Annotations

Branches:
Dungeon (3/15)

Altars:
Yredelemnul


Innate Abilities, Weirdness & Mutations

You have temporarily grown beastly horns.
You are flying.
You are immune to sickness and miasma.
You are immune to poison.
Your flesh is very heat resistant. (rF++)
You are vulnerable to cold. (rC-)
You float through the air rather than walking.
You learn spells naturally, not from books.
Your magical power is your life essence.
You have superior vitality. (+4 MHP)


Message History

The gnoll is heavily wounded.
The zap misses the gnoll.
The zap hits the gnoll.
The gnoll is severely wounded.
You hit the gnoll but do no damage. Your headbutt misses the gnoll.
The gnoll barely misses you.
A gnoll comes into view. It is wielding a +0 whip.
You closely miss the gnoll. The gnoll hits you with a +0 flail!
You closely miss the gnoll.
The gnoll shouts!
You headbutt the gnoll.
The gnoll is moderately wounded.
The gnoll completely misses you.
Casting: Shock (safe; 6% risk of failure)
Confirm with . or Enter, or press ? or * to list all spells.
Your blood is infused with primal strength.
The gnoll hits you with a +0 flail!
Unknown command.
You aren't carrying any items that you can evoke.
Casting: Wereblood (safe; 10% risk of failure)
Confirm with . or Enter, or press ? or * to list all spells.
Aiming: Shock (safe; 6% risk of failure)
Press: ? - help, Shift-Dir - straight line, f/p - gnoll
Aim: a gnoll, wielding a +0 flail (moderately wounded, 72% to hit)
You miscast Shock.
You are very lightly contaminated with residual magic.
Nothing appears to happen.
Your transformation is almost over.
The gnoll hits you with a +0 flail!
* * * LOW HITPOINT WARNING * * *
Unknown command.
It was a potion of degeneration.
There was something very wrong with that liquid.
You feel weakened.
You feel dopey.
You feel clumsy.
It was a potion of attraction.
You feel attractive to monsters. The gnoll hits you but does no damage.
The gnoll misses you.
It was a potion of might.
You feel very mighty all of a sudden. The gnoll closely misses you.
The gnoll hits you with a +0 flail!
You die...

##### #...## ##
.....#####
##.####.........#####
##...................#
##................###...
.....!..................
#..?..@g.....##)#######
......#g###.#.##.#######
####. #g##..#.##........
# #.##.##.##.#######
#.##.##.##<#
#.##.##.##.#
##.##.##.##.#
#...........#
#...........##


You could see 3 gnolls.

Vanquished Creatures
  2 adders (D:2)
  2 worms (D:2)
  6 ball pythons
  5 endoplasms
  4 giant cockroaches
  10 goblins
  2 hobgoblins
  3 bats (D:2)
  4 frilled lizards
  6 kobolds
  7 rats
51 creatures vanquished.

Notes
Turn   | Place    | Note
-------+----------+-------------------------------------------
     0 | D:1      | LobsterGuardian the Djinni Transmuter began the quest for
                  | the Orb.
     0 | D:1      | LobsterGuardian set off with the following spells
                  | memorised: Beastly Appendage, Wereblood, Spider Form, Ice
                  | Form.
     0 | D:1      | Reached XP level 1. HP: 17/17 MP: 0/0
   354 | D:1      | Reached XP level 2. HP: 22/22 MP: 0/0
   415 | D:1      | Found a faded altar of an unknown god.
   994 | D:2      | Reached XP level 3. HP: 23/27 MP: 0/0
   994 | D:2      | Learned a level 1 spell: Shock
  1534 | D:2      | Reached XP level 4. HP: 7/32 MP: 0/0
  1708 | D:2      | Found a basalt altar of Yredelemnul.
  2072 | D:3      | Mangled by a gnoll

Illustrated notes

Levels and vault maps discovered:
D:1:      saegor_arrival_simple_d, layout_basic, shapermc_ecumenical_altar_venn
D:2:      minmay_inner_zag, layout_basic, basic_altar
D:3:      layout_loops_ring, nicolae_eternal_life, mrwooster_statue_mirror

Skill      XL: |  1  2 |
---------------+-------+-----
Spellcasting   | 2 |  2.7
Fighting       | |  1.2
Short Blades   | |  0.4
Dodging        | |  2.8
Stealth        | |  0.5
Unarmed Combat | |  3.1

Action                     |  1- 3 |  4- 6 || total
---------------------------+-------+-------++-------
  Melee: Dagger            |   131 |    28 ||   159
         Unarmed           |     5 |       ||     5
         Headbutt          |    23 |     4 ||    27
         Punch             |     2 |     1 ||     3
   Cast: Beastly Appendage |    28 |     4 ||    32
         Shock             |       |    30 ||    30
         Wereblood         |       |     2 ||     2
    Use: Scroll            |     1 |       ||     1
         Potion            |     4 |     3 ||     7
   Stab: Sleeping          |     1 |       ||     1
 Armour: Robe              |    27 |     6 ||    33
         Skin              |    14 |       ||    14
  Dodge: Dodged            |    78 |    23 ||   101

Table legend: (Time is in decaauts)
 A = Elapsed time spent in this place.
 B = Non-inter-level travel time spent in this place.
 C = Inter-level travel time spent in this place.
 D = Time resting spent in this place.
 E = Time spent auto-exploring this place.
 F = Levels seen in this place.
 G = Mean time per level.
                   A        B        C        D        E       F      G
               +--------+--------+--------+--------+--------+-----+--------+
         Total |   2071 |   1941 |    130 |     18 |   1523 |   3 |  690.3 |
       Dungeon |   2071 |   1941 |    130 |     18 |   1523 |   3 |  690.3 |
               +--------+--------+--------+--------+--------+-----+--------+

Top non-repeatable levels by time:
     D:2: 1011 daAuts
     D:1: 980 daAuts
     D:3: 79 daAuts
